 Dungeon Crawl Stone Soup version 0.31-a0-819-gf6de2f5ab6 (webtiles) character file.

Game seed: 11126492157180389120

1103 Kurtz the Cleaver (level 8, -10/52 HPs)
             Began as an Octopode Fighter on Sept 25, 2023.
             Was an Initiate of Makhleb.
             Engulfed by a cloud of steam (11 damage)
             ... on level 7 of the Dungeon.
             The game lasted 00:05:38 (4733 turns).

Kurtz the Cleaver (Octopode Fighter)                Turns: 4733, Time: 00:05:38

Health: -10/52     AC:  1    Str: 17    XL:     8   Next: 32%
Magic:  0/10       EV: 13    Int: 10    God:    Makhleb [......]
Gold:   300        SH:  4    Dex: 12    Spells: 7/7 levels left

rFire   . . .        a - +0 war axe
rCold   . . .        b - +0 buckler
rNeg    . . .        (helmet restricted)
rPois   .            k - amulet of guardian spirit
rElec   .            d - ring of flight
rCorr   .            (no ring)
SInv    .            (no ring)
Will    .....        (no ring)
Stlth   ++           (no ring)
HPRegen 0.28/turn    (no ring)
MPRegen 0.12/turn    (no ring)
                     (no ring)

%: guardian spirit
@: mighty, flying
A: almost no armour, amphibious, 8 rings, camouflage 1, gelatinous body 1,
(nimble swimmer 1), tentacles
a: Renounce Religion


You were on level 7 of the Dungeon.
You worshipped Makhleb.
Makhleb was noncommittal.
You visited 2 branches of the dungeon, and saw 8 of its levels.

You collected 300 gold pieces.

Inventory:

Hand Weapons
 a - a +0 war axe (weapon)
 t - a +0 whip of pain
Missiles
 h - 8 poisoned darts (quivered)
 n - 10 boomerangs
 v - 2 throwing nets
 x - 5 javelins
Armour
 b - a +0 buckler (worn)
Jewellery
 d - a ring of flight (left tentacle)
 k - an amulet of guardian spirit (around mantle)
 y - a ring of willpower
Wands
 u - a wand of flame (8)
Scrolls
 f - a scroll of fog
 i - 2 scrolls of teleportation
 p - 2 scrolls of blinking
 q - 3 scrolls of vulnerability
 s - a scroll of enchant armour {unknown}
 w - a scroll of enchant weapon {unknown}
 A - a scroll of amnesia
 B - a scroll of brand weapon {unknown}
Potions
 c - 3 potions of might
 e - 2 potions of lignification {unknown}
 j - 2 potions of haste {unknown}
 l - 4 potions of mutation {unknown}
 m - a potion of enlightenment {unknown}
 o - a potion of attraction {unknown}
 r - a potion of berserk rage {unknown}
 z - a potion of degeneration {unknown}


   Skills:
 * Level 3.0 Fighting
 + Level 9.4 Axes
 * Level 3.0 Dodging
 * Level 3.0 Shields
 * Level 2.7 Invocations


You had 7 spell levels left.
You didn't know any spells.
Your spell library was empty.

Dungeon Overview and Level Annotations

Branches:
Dungeon (6/15)             Temple (1/1) D:4

Altars:
Cheibriados
Dithmenos
Elyvilon
Gozag
Kikubaaqudgha
Makhleb
Qazlal
Ru
Trog
Uskayaw
Vehumet
Wu Jian
Zin
The Shining One

Shops:
D:3 =

Annotations:
D:4 1 runed translucent door, Crazy Yiuf


Innate Abilities, Weirdness & Mutations

You cannot wear most types of armour.
You are amphibious.
You can wear up to eight rings at the same time.
Your skin changes colour to match your surroundings (Stealth+).
Your rubbery body absorbs attacks. (AC +1, EV +1)
((You are camouflaged when in or above water. (Stealth+)))
You have tentacles for arms and can constrict up to eight enemies at once.


Message History

The ufetubus is moderately wounded.
You constrict the ufetubus, but do no damage.
The ufetubus misses you. The ufetubus barely misses you.
You slash the ufetubus!
You kill the ufetubus!
Makhleb accepts your kill.
Found a dagger.
You feel your willpower return.
Okay, then.
You hear the faint creaking of a very distant portcullis.
As you open the door, it creaks loudly!
There is an open door here.
A steam dragon comes into view.
The steam dragon hisses angrily.
You feel very mighty all of a sudden. The steam dragon bites you!
The steam dragon closely misses you.
You slash the steam dragon!
The steam dragon is heavily wounded.
The steam dragon breathes steam at you. The ball of steam hits you!
You hit the steam dragon but do no damage.
Your squeeze misses the steam dragon.
The steam dragon is heavily wounded.
You are engulfed in a cloud of scalding steam.
The steam dragon breathes steam at you. The ball of steam hits you!
* * * LOW HITPOINT WARNING * * *
You closely miss the steam dragon. You squeeze the steam dragon!
The steam dragon is severely wounded.
You hear the faint creaking of a very distant portcullis.
You are engulfed in a cloud of scalding steam.
* * * LOW HITPOINT WARNING * * *
The steam dragon bites you!
* * * LOW HITPOINT WARNING * * *
The steam dragon barely misses you.
You slash the steam dragon!
You kill the steam dragon!
Makhleb accepts your kill.
You are engulfed in a cloud of scalding steam.
You die...

..... ###. .... ..#.
... ...# ..##..#
..§...# #....#
#....#######
+§.........#
####@§........#
#...............#####
#...................#
+.....##########....###
#..... #....... #.....
#....... #.....
#....... #.....
#....... ###+##+#


There were no monsters in sight!

Vanquished Creatures
  Grinder (D:4)
  A steam dragon (D:7)
  An ogre (D:4)
  A centaur (D:5)
  A phantom (D:4)
  2 scorpions (D:5)
  2 howler monkeys (D:4)
  2 hounds (D:5)
  2 sleepcaps
  6 iguanas
  Robin (D:2)
  7 gnolls
  3 adders
  A shadow imp (D:5)
  4 ufetubi
  A worm (D:4)
  A dart slug (D:2)
  5 orcs
  6 endoplasms
  4 giant cockroaches
  15 goblins
  11 hobgoblins
  3 jackals (D:4)
  6 kobolds
  2 quokkas
  4 ball pythons
  3 bats
  A frilled lizard (D:1)
  A rat (D:2)
98 creatures vanquished.

Notes
Turn   | Place    | Note
-------+----------+-------------------------------------------
     0 | D:1      | Kurtz the Octopode Fighter began the quest for the Orb.
     0 | D:1      | Reached XP level 1. HP: 16/16 MP: 1/1
   463 | D:1      | Found a faded altar of an unknown god.
   776 | D:2      | Reached XP level 2. HP: 21/21 MP: 2/2
   778 | D:2      | Reached skill level 3 in Axes
   846 | D:2      | Reached XP level 3. HP: 13/26 MP: 3/3
   848 | D:2      | Reached skill level 4 in Axes
   975 | D:2      | Noticed Robin
   983 | D:2      | Reached XP level 4. HP: 23/31 MP: 2/4
   986 | D:2      | Killed Robin
  1749 | D:3      | Found Abikos's Jewellery Emporium.
  2256 | D:4      | Noticed an ogre
  2421 | D:4      | Noticed a phantom
  2423 | D:4      | Killed an ogre
  2424 | D:4      | Reached skill level 5 in Axes
  2424 | D:4      | Reached XP level 5. HP: 36/36 MP: 5/5
  2428 | D:3      | Reached skill level 6 in Axes
  2481 | D:4      | Reached XP level 6. HP: 31/42 MP: 4/6
  2696 | D:4      | Found a staircase to the Ecumenical Temple.
  2761 | D:4      | Found an ornate altar of the Wu Jian Council.
  2763 | D:4      | Reached skill level 7 in Axes
  2763 | D:4      | Reached XP level 7. HP: 43/46 MP: 5/7
  2800 | Temple   | Entered the Ecumenical Temple
  2855 | Temple   | Became a worshipper of Makhleb the Destroyer
  3049 | D:4      | Noticed Grinder
  3054 | D:4      | Killed Grinder
  3055 | D:4      | Reached skill level 8 in Axes
  3055 | D:4      | Reached skill level 1 in Invocations
  3344 | D:4      | Found a runed translucent door.
  3345 | D:4      | Noticed Crazy Yiuf
  3522 | D:5      | Entered Level 5 of the Dungeon
  3801 | D:5      | Reached XP level 8. HP: 36/52 MP: 6/9
  4129 | D:5      | Reached skill level 9 in Axes
  4632 | D:6      | You are sucked into a shaft and drop 1 floor!
  4632 | D:7      | Found an ancient bone altar of Kikubaaqudgha.
  4732 | D:7      | HP: 1/52 [steam dragon (9)]
  4733 | D:7      | Engulfed by a cloud of steam

Illustrated notes

Levels and vault maps discovered:
D:1:      amcnicky_arrival_flooded_fountain, layout_loops_cross,
          ebering_ecumenical_altar_abandoned, hangedman_decor_peaks_small
D:2:      layout_basic, serial_bayou_pond_a, uniq_robin
D:3:      layout_basic, serial_shops, nicolae_shop_gaudy_bauble
D:4:      layout_cave_pools, mainiacjoe_overflow_boulevard,
          minmay_temple_entry_statues_pillars, chequers_serial_rivers_large_b,
          uniq_crazy_yiuf_cottage, uniq_grinder
D:5:      layout_basic
D:6:      layout_basic
D:7:      layout_gridville, mainiacjoe_overflow_paths, enter_bailey_3,
          chequers_serial_rivers_micro_c
Temple:   nicolae_temple_hex_pool

Skill      XL: |  1  2  3  4  5  6  7  8 |
---------------+-------------------------+-----
Axes           | 3 4 5 6 7 8 9 |  9.4
Invocations    | 2 |  2.7
Fighting       | |  3.0
Dodging        | |  3.0
Shields        | |  3.0

Action                     |  1- 3 |  4- 6 |  7- 9 || total
---------------------------+-------+-------+-------++-------
  Melee: War axe           |    27 |    89 |    78 ||   194
         Constrict         |     8 |    21 |    21 ||    50
         Tentacles         |     6 |    19 |    22 ||    47
         Punch             |     1 |       |     2 ||     3
  Throw: Throwing net      |       |     1 |       ||     1
         Dart              |       |       |     5 ||     5
  Evoke: Wand              |       |       |     5 ||     5
    Use: Scroll            |       |       |     5 ||     5
         Potion            |       |       |     1 ||     1
   Stab: Sleeping          |     2 |     5 |     3 ||    10
 Armour: Skin              |    13 |    29 |    44 ||    86
  Dodge: Dodged            |    14 |    37 |    46 ||    97
  Block: Buckler           |     4 |    16 |    13 ||    33

Table legend: (Time is in decaauts)
 A = Elapsed time spent in this place.
 B = Non-inter-level travel time spent in this place.
 C = Inter-level travel time spent in this place.
 D = Time resting spent in this place.
 E = Time spent auto-exploring this place.
 F = Levels seen in this place.
 G = Mean time per level.
                   A        B        C        D        E       F      G
               +--------+--------+--------+--------+--------+-----+--------+
         Total |   4782 |   4198 |    584 |    477 |   2812 |   8 |  597.8 |
       Dungeon |   4703 |   4142 |    561 |    477 |   2812 |   7 |  671.9 |
        Temple |     78 |     55 |     23 |      0 |      0 |   1 |   78.0 |
               +--------+--------+--------+--------+--------+-----+--------+

Top non-repeatable levels by time:
     D:2: 1014 daAuts
     D:4: 1010 daAuts
     D:5: 929 daAuts
     D:3: 928 daAuts
     D:1: 718 daAuts
     D:7: 101 daAuts
  Temple: 78 daAuts
     D:6: 1 daAuts
